 Dungeon Crawl Stone Soup version 0.31.0-12-g77e489cdc1 (webtiles) character file.

Game seed: 7814966168785166429

276 ChadusMaximus the Caller (level 6, -1/47 HPs)
             Began as a Barachi Summoner on Mar 7, 2024.
             Succumbed to an orc priest's poison
             ... on level 4 of the Dungeon.
             The game lasted 00:06:02 (4388 turns).

ChadusMaximus the Caller (Barachi Summoner)         Turns: 4388, Time: 00:06:03

Health: -1/47      AC:  5    Str: 10    XL:     6   Next: 25%
Magic:  7/11       EV: 12    Int: 23    God:
Gold:   154        SH:  0    Dex: 12    Spells: 6/12 levels left

rFire   . . .        v - +4 quarterstaff (chaos)
rCold   . . .        (shield currently unavailable)
rNeg    . . .        a - +0 robe
rPois   .            j - +0 helmet
rElec   .            w - +0 cloak
rCorr   .            x - +0 pair of gloves
SInv    .            (no boots)
Will    .....        (no amulet)
Stlth   ++           d - ring of wizardry
HPRegen 0.27/turn    l - +6 ring of intelligence
MPRegen 0.12/turn

%: wizardry (x1)
@: brilliant, lethally poisoned (-1 -> -16), unable to hop, inugami summoned,
slow
A: amphibious, slowness 1, strong legs 1, +LOS
a: Hop


You were on level 4 of the Dungeon.
You visited 1 branch of the dungeon, and saw 4 of its levels.

You collected 154 gold pieces.

Inventory:

Hand Weapons
 c - a +0 club
 f - a +0 hand axe
 v - a +4 quarterstaff of chaos (weapon)
Armour
 a - a +0 robe (worn)
 j - a +0 helmet (worn)
 w - a +0 cloak (worn)
 x - a +0 pair of gloves (worn)
Jewellery
 d - a ring of wizardry (left hand)
 l - a +6 ring of intelligence (right hand)
Scrolls
 e - a scroll of silence {unknown}
 h - a scroll of poison {unknown}
 m - a scroll of blinking {unknown}
 o - a scroll of teleportation {unknown}
 r - a scroll of fear {unknown}
 t - a scroll of identify {unknown}
 u - a scroll of amnesia {unknown}
Potions
 b - a potion of magic
 g - 2 potions of brilliance
 i - a potion of heal wounds {unknown}
 k - a potion of resistance {unknown}
 n - a potion of mutation {unknown}
 p - a potion of degeneration {unknown}
 q - a potion of might {unknown}
 s - 2 potions of ambrosia {unknown}


   Skills:
 + Level 3.3 Fighting
 - Level 2.1 Dodging
 - Level 1.7 Stealth
 + Level 3.7 Spellcasting
 * Level 7.1 Summonings


You had 6 spell levels left.
You knew the following spells:

 Your Spells              Type           Power      Damage    Failure   Level
a - Summon Small Mammal   Summ           100%       N/A       1%          1
b - Call Canine Familiar  Summ           53%        N/A       1%          3
c - Call Imp              Summ           100%       N/A       1%          2

Your spell library contained the following spells:

 Spells                   Type           Power      Damage    Failure   Level
 Summon Blazeheart Golem  Fire/Summ      30%        N/A       11%         4
 Summon Lightning Spire   Summ/Air       30%        N/A       11%         4


Dungeon Overview and Level Annotations

Branches:
Dungeon (4/15)
 Temple: D:4-7

Altars:
Cheibriados
Kikubaaqudgha
Uskayaw
Yredelemnul

Shops:
D:1 [=!![


Innate Abilities, Weirdness & Mutations

You are amphibious.
You cover ground slowly.
You can hop short distances.
You have an extended range of vision and can be seen from far away.


Message History

You are poisoned.
Your inugami hits the bombardier beetle.
You feel very sick.
The orc priest hits you from afar with a +0 trident of venom.
You are more poisoned.
Your inugami hits the bombardier beetle!
The bombardier beetle dies!
You bump into the rock wall.
You feel very sick. The orc priest closely misses you.
You feel very sick. The orc priest closely misses you.
The orc wizard gestures at you while chanting.
The magic dart hits you.
* * * LOW HITPOINT WARNING * * *
* * * LOW HITPOINT WARNING * * *
You feel very sick. The orc priest misses you. The orc misses you.
The orc wizard gestures at you while chanting.
You resist with some effort.
Unknown command.
Unknown command.
You feel less confused.
* * * LOW HITPOINT WARNING * * *
You feel very sick.
The orc priest hits you from afar with a +0 trident of venom.
* * * LOW HITPOINT WARNING * * *
You are more poisoned.
The orc misses you.
Unknown command.
Hop to where?
Press: ? - help, Dir - move target Boing!
* * * LOW HITPOINT WARNING * * *
You feel very sick.
The orc wizard points at you and mumbles some strange words.
Your inugami appears confused.
It was a potion of brilliance.
You feel clever all of a sudden.
You die...

#..............#####
.............>......
#...$......oO........#
##.....##..o##..##..##
#.....##..h##+## ..#
#..o.# ... #....+ ..
####.# #@#
#..........#
#..........#
#..........#
#..........#
##........##
##########


You could see an ogre, an orc priest, an orc wizard (ally target), an orc and a
friendly inugami (summoned, confused).

Vanquished Creatures
  A gnoll (D:4)
  An orc (D:4)
  5 ball pythons
  A bat (D:3)
  3 endoplasms
  2 giant cockroaches (D:1)
  9 goblins
  5 hobgoblins
  2 jackals
  A kobold (D:3)
  2 quokkas
  6 rats
38 creatures vanquished.

Vanquished Creatures (collateral kills)
  An ogre (D:4)
  A bombardier beetle (D:4)
  Crazy Yiuf (D:3)
  Robin (D:2)
  2 gnolls (D:4)
  An adder (D:2)
  A dart slug (D:1)
  3 orcs (D:3)
  A ball python (D:1)
  2 endoplasms
  A giant cockroach (D:1)
  3 goblins (D:2)
  4 hobgoblins
  5 jackals
  3 quokkas
  A kobold (D:1)
  A rat (D:3)
32 creatures vanquished.

Grand Total: 70 creatures vanquished

Notes
Turn   | Place    | Note
-------+----------+-------------------------------------------
     0 | D:1      | ChadusMaximus the Barachi Summoner began the quest for the
                  | Orb.
     0 | D:1      | Reached XP level 1. HP: 13/13 MP: 3/3
   109 | D:1      | Found Tukhloxuegu's Distillery.
   167 | D:1      | Found Dirul's Antique Armour Shoppe.
   224 | D:1      | Reached skill level 5 in Summonings
   238 | D:1      | Reached XP level 2. HP: 12/20 MP: 3/5
   400 | D:1      | Reached skill level 1 in Fighting
   779 | D:1      | Found Camadir's Distillery.
   836 | D:1      | Reached XP level 3. HP: 10/26 MP: 6/6
   840 | D:1      | Learned a level 3 spell: Call Canine Familiar
   843 | D:1      | Learned a level 2 spell: Call Imp
   984 | D:1      | Found Liom's Jewellery Shop.
  1061 | D:1      | Found Millynn's Antique Armour Shoppe.
  1531 | D:2      | Noticed Robin
  1541 | D:2      | Killed Robin
  1544 | D:2      | Reached XP level 4. HP: 8/33 MP: 1/8
  3055 | D:3      | Reached skill level 6 in Summonings
  3157 | D:3      | Found a snail-covered altar of Cheibriados.
  3223 | D:3      | Found a hide-covered altar of Uskayaw.
  3744 | D:3      | Found a runed translucent door.
  3745 | D:3      | Noticed Crazy Yiuf
  4081 | D:3      | Killed Crazy Yiuf
  4082 | D:3      | Reached XP level 5. HP: 24/39 MP: 0/9
  4292 | D:4      | Found an ancient bone altar of Kikubaaqudgha.
  4295 | D:4      | Found a basalt altar of Yredelemnul.
  4295 | D:4      | Noticed an ogre
  4320 | D:4      | Killed an ogre
  4321 | D:4      | Reached skill level 7 in Summonings
  4321 | D:4      | Reached XP level 6. HP: 34/47 MP: 0/11
  4388 | D:4      | Succumbed to an orc priest's poison

Illustrated notes

Levels and vault maps discovered:
D:1:      dpeg_arrival_simpleton_c, layout_loops_ring, serial_shops,
          nicolae_shop_hallway_stairs, shop, nicolae_shop_just_a_little_nook,
          shop, nicolae_shop_statue_plus, serial_forest,
          infiniplex_forest_corner_1, infiniplex_forest_straight_3,
          infiniplex_forest_lined_2, infiniplex_forest_straight_3,
          infiniplex_forest_lined_3, infiniplex_forest_clump_C,
          infiniplex_forest_straight_3, infiniplex_forest_straight_5,
          nicolae_titane
D:2:      layout_basic, serial_co_window_serial, co_window_corner_a,
          co_window_paths_a, co_window_of_opportunity_a, co_window_paths_b,
          co_window_paths_b, co_window_cross_1, co_window_paths_c,
          co_window_broadway_b, co_window_of_opportunity_c, co_window_4corner_a,
          co_window_sun, glass_columns_a, glass_columns_c, uniq_robin
D:3:      layout_loops_ring, mainiacjoe_overflow_brackets, marbit_many_paths,
          grunt_ministairs_1, uniq_crazy_yiuf_cottage
D:4:      layout_gridville, mainiacjoe_overflow_alcove_2, lemuel_round_altar,
          gup_sewer_entry_bowl

Skill      XL: |  1  2  3  4  5 |
---------------+----------------+-----
Summonings     | 5 6 7 |  7.1
Fighting       | 1 2 3 |  3.3
Spellcasting   | 3 |  3.7
Dodging        | |  2.1
Stealth        | |  1.7

Action                     |  1- 3 |  4- 6 || total
---------------------------+-------+-------++-------
  Melee: Unarmed           |    17 |       ||    17
         Punch             |     2 |     1 ||     3
         Club              |    63 |       ||    63
         Hand axe          |    26 |    58 ||    84
         Quarterstaff      |       |     3 ||     3
   Cast: Summon Small Mamm |    34 |    11 ||    45
         Call Canine Famil |     1 |     8 ||     9
         Call Imp          |     1 |     7 ||     8
Ability: Hop               |       |     3 ||     3
    Use: Potion            |       |     1 ||     1
   Stab: Sleeping          |     2 |     4 ||     6
 Armour: Robe              |    87 |    58 ||   145
  Dodge: Dodged            |    99 |    46 ||   145
